 Dungeon Crawl Stone Soup version 0.25-a0-279-g53730b6a6f (webtiles) character file.

Game seed: 16692647854893489292, levelgen mode: deterministic

0 Gargoyl the Skirmisher (level 1, -3/19 HPs)
             Began as a Centaur Abyssal Knight on Dec 10, 2019.
             Was a Follower of Lugonu.
             Killed from afar by a smoke demon (22 damage)
             ... with a ball of steam
             ... on level 1 of the Abyss.
             The game lasted 00:00:26 (142 turns).

Gargoyl the Skirmisher (Centaur Abyssal Knight)      Turns: 142, Time: 00:00:27

Health: -3/19      AC:  4    Str: 14    XL:     1   Next: 0%
Magic:  2/2        EV:  9    Int: 11    God:    Lugonu [*.....]
Gold:   0          SH:  0    Dex:  8    Spells: 0/0 levels left

rFire    . . .     SeeInvis .   a - +1 hand axe
rCold    . . .     Gourm    .   (no shield)
rNeg     . . .     Faith    .   b - +0 leather armour
rPois    .         Spirit   .   (no helmet)
rElec    .         Reflect  .   e - scarf {repulsion}
rCorr    .         Harm     .   (no gloves)
MR       .....                  (no barding)
Stlth    ..........             (no amulet)
HPRegen  0.06/turn              (no ring)
MPRegen  0.08/turn              (no ring)

@: repel missiles, very quick
A: large, hooves 3, deformed body, speed 2, tough skin 3
a: Depart the Abyss, Renounce Religion


You were on level 1 of the Abyss.
You worshipped Lugonu.
Lugonu was aware of your devotion.
You were not hungry.

You visited 0 branches of the dungeon, and saw 0 of its levels.
You visited the Abyss 1 time.

Inventory:

Hand Weapons
 a - a +1 hand axe (weapon)
Armour
 b - a +0 leather armour (worn)
 e - a scarf of repulsion (worn)
Scrolls
 d - a scroll of fog {unknown}
Comestibles
 c - 2 rations


   Skills:
 + Level 3.0 Fighting
 + Level 1.7 Axes
 + Level 1.3 Armour
 + Level 0.6 Dodging
 + Level 2.0 Invocations


You couldn't memorise any spells.
You didn't know any spells.
Your spell library was empty.

Dungeon Overview and Level Annotations

Branches:
Dungeon (0/15)

Altars:


Innate Abilities, Weirdness & Mutations

You have hooves in place of feet.
Armour fits poorly on your strangely shaped body.
You cover ground very quickly.
You have extremely tough skin. (AC +3)


Message History

Found a runed scarf.
c - 2 rations (gained 1)
A large abomination comes into view.
There are no items here.
You see here a runed scarf.
e - a runed scarf You start putting on your armour.
You continue putting on your runed scarf. x4
You finish putting on your scarf of repulsion.
You are surrounded by a repulsion field.
Unknown command.
Found a scroll labeled VUASUEJACU.
A smoke demon comes into view.
You feel yourself growing ill in the presence of the ancient zyme.
A ynoxinul comes into view.
The ynoxinul bellows!
The smoke demon roars!
You hear an angry squeal.
The ynoxinul gestures.
The smoke demon gestures at you. The ball of steam hits you!!
Ouch! That really hurt!
You die...

...#.......#..#.
......#...###...
..........#..#.
.............#
..#..........#
...###.....§...#
§...#.....§.#..#
§.........§#.....
.##..#@x........
#..#§.........
... .§.........
.. ..?...#.....
..#...###....
#..#.... ....
...3§5... .. ...
.35....


You could see an ancient zyme and 2 ufetubi.

Vanquished Creatures (others)
  2 starspawn tentacles (Abyss:1)
2 creatures vanquished.

Notes
Turn   | Place    | Note
-------+----------+-------------------------------------------
     0 | Abyss:1  | Gargoyl the Centaur Abyssal Knight began the quest for the
                  | Orb.
     0 | Abyss:1  | Reached XP level 1. HP: 19/19 MP: 2/2
    50 | Abyss:1  | Noticed a large abomination
    52 | Abyss:1  | Noticed a small abomination
    81 | Abyss:1  | Noticed a tentacled starspawn
   104 | Abyss:1  | Noticed a large abomination
   139 | Abyss:1  | Noticed an ancient zyme
   141 | Abyss:1  | Noticed a smoke demon
   142 | Abyss:1  | Noticed a ynoxinul
   142 | Abyss:1  | Killed from afar by a smoke demon

Levels and vault maps discovered:
Abyss:1:  evilmike_abyss_exit_15

Action                   || total
-------------------------++-------
Armor: Leather armour    ||     1

Table legend:
 A = Non-vault XP
 B = Vault XP
 C = Vault XP percentage of total XP
 D = Non-vault monster count
 E = Vault monster count
 F = Vault count percentage of total count
                 A         B        C        D         E       F
            +---------+---------+-------+---------+---------+-------
      Total |       0 |       0 |   N/A |       0 |       0 |  -nan
            +---------+---------+-------+---------+---------+-------
            +---------+---------+-------+---------+---------+-------
